Map: [ESL] Stargazers

Players

Serral

  • Race: Zerg Zerg
  • League: Master
  • Spawn Location: 11:00

Reynor - Winner!

  • Race: Protoss Protoss
  • League: Master
  • Spawn Location: 1:00

VOD

Have the link to the VOD?

Description

Time

  • Played on: Oct. 19, 2022, 2:42 p.m.
  • Length: 12:07
Show
View Real Time Build Order
Export as new Build Order

Serral Zerg 

Build Orders: Hatch First, Lurkers, Swarm Host 

Get SALT Encoding   

  12  0:00  Drone  
  13  0:12  Overlord  
  13  0:17  Drone  
  14  0:30  Drone x2  
  16  0:48  Hatchery  
  15  0:51  Drone  
  15  0:54  Drone  
  17  0:58  Drone  
  18  1:09  Extractor  
  17  1:13  Spawning Pool  
  17  1:16  Drone  
  17  1:20  Drone  
  18  1:27  Drone  
  19  1:38  Drone  
  20  1:49  Overlord  
  20  1:59  Queen  
  20  2:00  Queen  
  20  2:01  Zergling x4  
  26  2:10  Drone  
  26  2:11  Drone  
  26  2:12  Metabolic Boost  
  28  2:21  Drone x2  
  30  2:33  Hatchery  
  30  2:36  Drone  
  30  2:38  Drone  
  31  2:44  Queen  
  31  2:49  Overlord  
  33  2:52  Drone  
  33  2:53  Drone  
  33  2:55  Drone  
  36  3:03  Overlord  
  36  3:07  Queen  
  36  3:11  Drone  
  36  3:12  Drone x2  
  41  3:14  Drone  
  41  3:17  Drone  
  43  3:22  Queen  
  43  3:26  Drone x2  
  46  3:34  Overlord  
  46  3:38  Drone  
  46  3:39  Drone  
  48  3:43  Queen  
  48  3:46  Drone x4  
  54  3:49  Spore Crawler  
  54  3:50  Spore Crawler  
  54  3:53  Zergling x4  
  54  4:03  Zergling x2, Overlord  
  54  4:05  Zergling x2  
  54  4:06  Drone x2  
  54  4:07  Drone  
  54  4:08  Drone  
  60  4:12  Drone x3  
  60  4:16  Drone  
  64  4:20  Drone, Overlord  
  65  4:25  Drone  
  65  4:26  Roach Warren  
  65  4:28  Drone  
  66  4:31  Drone x2  
  68  4:39  Hatchery  
  68  4:40  Drone x2  
  68  4:41  Drone x2  
  71  4:48  Lair  
  71  4:50  Zergling x2, Extractor  
  71  4:52  Spore Crawler  
  72  4:53  Drone  
  72  4:57  Drone  
  72  4:58  Drone x3  
  74  5:00  Drone x2  
  73  5:10  Overlord x2  
  73  5:12  Spore Crawler, Drone  
  72  5:14  Drone  
  72  5:19  Overlord  
  73  5:26  Drone x2  
  73  5:28  Extractor x2  
  73  5:29  Drone x7  
  73  5:31  Evolution Chamber  
  73  5:33  Drone x3  
  80  5:40  Drone x2, Extractor x2  
  80  5:42  Drone  
  80  5:46  Drone  
  80  5:47  Drone x5  
  86  5:50  Overlord  
  86  5:52  Glial Reconstitution  
  86  5:53  Overlord  
  86  5:58  Infestation Pit, Drone  
  86  5:59  Drone  
  86  6:01  Overlord  
  87  6:08  Roach  
  87  6:09  Roach x5  
  99  6:16  Overlord  
  99  6:17  Roach x4  
  107  6:26  Nydus Network  
  106  6:34  Swarm Host x3  
  106  6:36  Drone  
  106  6:38  Swarm Host  
  106  6:39  Nydus Network  
  119  6:41  Swarm Host  
  119  6:44  Zergling x14  
  119  6:46  Swarm Host  
  129  6:53  Zerg Missile Weapons Level 1  
  132  6:57  Swarm Host  
  132  6:58  Overlord x2  
  132  6:59  Overlord x3  
  134  7:16  Nydus Canal  
  134  7:17  Swarm Host x3  
  134  7:20  Drone x5  
  134  7:22  Extractor  
  147  7:23  Zergling x12, Roach x2  
  157  7:31  Drone  
  157  7:33  Roach x4  
  157  7:34  Zergling x10, Roach  
  157  7:36  Nydus Canal  
  173  7:43  Zergling x6  
  176  7:49  Hive  
  176  7:50  Hydralisk Den  
  174  7:52  Drone x3, Extractor  
  174  7:53  Overlord x3  
  174  7:56  Nydus Canal  
  175  7:59  Overlord  
  167  8:18  Drone x2  
  169  8:20  Zergling x28  
  169  8:21  Lurker Den  
  181  8:32  Drone x2  
  183  8:36  Nydus Canal  
  183  8:40  Hydralisk x6  
  183  8:41  Hydralisk x2  
  199  8:49  Spine Crawler x2  
  199  8:50  Spine Crawler  
  199  8:55  Drone x3, Evolution Chamber  
  196  9:00  Drone  
  193  9:08  Drone  
  194  9:10  Overseer, Overlord  
  194  9:11  Pneumatized Carapace  
  194  9:22  Seismic Spines  
  192  9:25  Hatchery  
  184  9:40  Grooved Spines  
  184  9:42  Lurker x8  
  192  9:46  Nydus Canal  
  192  9:50  Zerg Ground Armor Level 1  
  186  10:02  Zergling x28  
  192  10:12  Zergling x32  
  196  10:16  Hydralisk x3  
  196  10:17  Drone  
  194  10:24  Lurker Den  
  194  10:26  Hydralisk x6  
  194  10:27  Hydralisk x2  
  182  10:40  Hydralisk x10  
  180  10:45  Drone x5  
  160  10:52  Muscular Augments  
  160  10:53  Hydralisk x5  
  157  10:59  Nydus Canal  
  148  11:09  Drone x8  
  138  11:20  Hydralisk x3  
  138  11:21  Hydralisk  
  129  11:28  Lurker x2  
  129  11:29  Lurker  
  125  11:42  Zergling x4  
  125  11:43  Zergling x12  
Show
View Real Time Build Order
Export as new Build Order

Reynor Protoss - Winner!

Build Orders: 1 Gate Expand, Double Forge, Oracle Opening 

Get SALT Encoding   

  12  0:00  Probe  
  13  0:12  Probe  
  14  0:18  Pylon  
  14  0:24  Probe  
  15  0:35  Assimilator  
  15  0:36  Probe (Chrono Boost)  
  16  0:46  Probe (Chrono Boost)  
  16  0:47  Gateway  
  17  0:51  Probe (Chrono Boost)  
  18  1:03  Probe  
  19  1:15  Probe  
  20  1:23  Nexus  
  20  1:34  Cybernetics Core  
  20  1:36  Probe  
  21  1:42  Assimilator  
  21  1:48  Probe  
  21  1:53  Pylon  
  22  2:00  Probe  
  23  2:08  Adept (Chrono Boost)  
  23  2:12  Probe  
  23  2:14  Stargate  
  26  2:22  Warp Gate  
  26  2:24  Probe  
  27  2:30  Adept  
  27  2:37  Probe (Chrono Boost)  
  31  2:42  Probe (Chrono Boost)  
  31  2:46  Probe (Chrono Boost)  
  31  2:50  Probe (Chrono Boost)  
  33  2:51  Probe (Chrono Boost)  
  33  2:55  Oracle (Chrono Boost)  
  37  3:01  Probe  
  37  3:03  Probe  
  39  3:13  Probe  
  39  3:15  Gateway, Probe  
  41  3:23  Pylon  
  41  3:25  Probe  
  41  3:26  Oracle (Chrono Boost)  
  42  3:27  Probe  
  46  3:41  Probe x2  
  48  3:52  Pylon  
  48  3:53  Probe x2  
  50  3:56  Oracle  
  53  4:05  Nexus, Probe (Chrono Boost)  
  53  4:08  Pylon  
  54  4:10  Probe (Chrono Boost)  
  54  4:12  Assimilator  
  54  4:15  Forge  
  55  4:18  Probe (Chrono Boost)  
  55  4:20  Adept  
  55  4:23  Probe (Chrono Boost)  
  59  4:25  Probe (Chrono Boost)  
  59  4:29  Forge  
  59  4:31  Probe  
  60  4:32  Probe, Assimilator  
  60  4:35  Stalker  
  64  4:43  Probe, Pylon  
  64  4:44  Probe  
  66  4:46  Shield Battery  
  66  4:54  Sentry  
  66  4:55  Probe  
  66  4:56  Probe  
  67  5:07  Probe  
  67  5:08  Probe  
  67  5:11  Protoss Ground Weapons Level 1 (Chrono Boost)  
  67  5:15  Sentry  
  67  5:17  Twilight Council  
  67  5:18  Protoss Ground Armor Level 1 (Chrono Boost)  
  67  5:19  Probe x2  
  67  5:20  Probe  
  70  5:29  Stalker  
  70  5:30  Pylon  
  70  5:31  Probe x2  
  70  5:32  Probe  
  75  5:38  Stalker  
  77  5:43  Nexus, Probe x2  
  77  5:44  Probe  
  77  5:45  Pylon  
  80  5:51  Gateway  
  80  5:53  Blink (Chrono Boost)  
  80  5:55  Probe x2  
  82  5:58  Gateway  
  82  6:01  Probe  
  83  6:05  Stalker x2  
  83  6:07  Probe  
  83  6:09  Probe  
  89  6:14  Shield Battery  
  89  6:15  Photon Cannon  
  89  6:17  Probe  
  89  6:18  Pylon  
  90  6:25  Gateway, Probe  
  91  6:26  Gateway  
  91  6:30  Stalker x2  
  95  6:35  Probe  
  95  6:36  Probe  
  95  6:38  Gateway  
  95  6:39  Gateway  
  101  6:40  Probe  
  101  6:44  Protoss Ground Weapons Level 2 (Chrono Boost)  
  101  6:47  Probe  
  101  6:48  Probe  
  101  6:49  Protoss Ground Armor Level 2 (Chrono Boost)  
  103  6:54  Photon Cannon  
  103  6:56  Photon Cannon  
  103  6:57  Stalker x2  
  103  6:59  Shield Battery  
  103  7:00  Stalker  
  110  7:01  Sentry, Void Ray  
  110  7:04  Pylon  
  114  7:15  Probe x3  
  114  7:16  Probe  
  114  7:20  Gateway  
  116  7:23  Gateway, Stalker  
  116  7:25  Pylon  
  116  7:26  Stalker  
  116  7:27  Shield Battery  
  116  7:29  Stalker  
  122  7:30  Stalker  
  122  7:36  Stalker  
  126  7:37  Charge (Chrono Boost), Stalker x2  
  130  7:47  Photon Cannon  
  130  7:49  Photon Cannon  
  130  7:51  Shield Battery, Stalker x2  
  134  8:02  Gateway x2  
  134  8:03  Stalker x3  
  138  8:06  Pylon  
  138  8:08  Stalker  
  140  8:15  Zealot, Stalker  
  140  8:16  Zealot x2  
  148  8:22  Probe  
  148  8:23  Probe  
  144  8:29  Stalker x3  
  148  8:47  Gateway  
  148  8:49  Gateway  
  148  8:50  Gateway  
  148  8:53  Gateway  
  148  8:55  Pylon  
  148  9:00  Stalker  
  148  9:01  Stalker  
  148  9:02  Pylon  
  148  9:06  Pylon  
  148  9:07  Pylon  
  148  9:08  Pylon  
  148  9:10  Pylon  
  148  9:12  Pylon x2  
  148  9:26  Nexus  
  148  9:28  Pylon  
  148  9:30  Zealot x10  
  162  9:37  Probe x2  
  160  9:40  Robotics Facility  
  160  9:46  Zealot x4  
  160  9:50  Zealot x9  
  186  9:55  Zealot  
  186  9:56  Probe x2  
  190  10:05  Probe  
  187  10:18  Zealot x7  
  185  10:31  Zealot x7  
  185  10:33  Probe x2  
  195  10:40  Zealot  
  195  10:41  Zealot x6  
  177  10:51  Probe x2  
  177  10:55  Stalker x7  
  177  10:56  Probe  
  177  10:57  Probe  
  173  11:07  Zealot x7  
  173  11:09  Zealot x2  
  173  11:11  Probe x3  
  186  11:12  Probe  
  155  11:28  Zealot x14  
Tags
 
Add a new tag
Caveats
  • Supply blocks, unpowered buildings, or Contaminate may cause inaccurate times.
  • Supply counts are checked every 10 seconds.